 Dungeon Crawl Stone Soup version 0.21-a0-417-g0adc95b (webtiles) character file.

140 KristoblXynda the Poker (level 5, 0/41 HPs)
             Began as a Centaur Gladiator on Nov 3, 2017.
             Slain by a crimson imp (4 damage)
             ... summoned by Natasha
             ... on level 3 of the Dungeon.
             The game lasted 00:07:11 (2405 turns).

KristoblXynda the Poker (Centaur Gladiator)         Turns: 2405, Time: 00:07:12

Health: 0/41       AC:  5    Str: 17    XL:     5   Next: 2%
Magic:  0/5        EV: 14    Int:  8    God:
Gold:   121        SH:  0    Dex: 10    Spells: 4/4 levels left

rFire    + . .     SeeInvis .   g - +0 spear (venom)
rCold    + . .     Gourm    .   (no shield)
rNeg     . . .     Faith    .   k - +0 robe (curse)
rPois    +         Spirit   +   c - +0 helmet
rElec    +         Reflect  .   l - scarf {Spirit}
rCorr    +         Harm     .   (no gloves)
MR       .....                  (no barding)
Stlth    +.........             (no amulet)
HPRegen  0.13/turn              j - +4 ring of evasion
MPRegen  0.09/turn              (no ring)

@: resistant, slowed
A: hooves 3, deformed body, speed 2, tough skin 3
a: no special abilities


You were on level 3 of the Dungeon.
You were hungry.

You visited 1 branch of the dungeon, and saw 3 of its levels.

You collected 121 gold pieces.

Inventory:

Hand Weapons
 g - a +0 spear of venom (weapon)
Missiles
 d - 6 throwing nets (quivered)
Armour
 c - a +0 helmet (worn)
 k - a cursed +0 robe (worn)
 l - a scarf of spirit shield (worn)
Jewellery
 j - a +4 ring of evasion (left hand)
 n - an uncursed amulet of rage {unknown}
 v - an uncursed ring of protection from cold {unknown}
Wands
 u - a wand of paralysis (18/24)
Scrolls
 a - 3 scrolls of fear {unknown}
 e - a scroll of magic mapping {unknown}
 h - 2 scrolls of teleportation {unknown}
 i - 3 scrolls of identify {unknown}
 r - a scroll of amnesia {unknown}
 s - a scroll of remove curse {unknown}
Potions
 b - a potion of berserk rage {unknown}
 o - a potion of curing
 q - 3 potions of invisibility {unknown}
Comestibles
 f - 4 bread rations
 m - 2 meat rations
 t - 3 chunks of flesh


   Skills:
 - Level 2.0 Fighting
 * Level 4.5 Polearms
 - Level 2.1 Throwing
 + Level 0.1 Armour
 + Level 3.0 Dodging


You had 4 spell levels left.
You didn't know any spells.

Dungeon Overview and Level Annotations

Branches:
Dungeon (3/15)

Altars:

Annotations:
D:3 Natasha


Innate Abilities, Weirdness & Mutations

You have hooves in place of feet.
Armour fits poorly on your strangely shaped body.
You cover ground very quickly.
You have extremely tough skin. (AC +3)


Message History

You feel disoriented.
Natasha mumbles some strange words.
You hit the shadow imp but do no damage.
You kick the shadow imp, but do no damage.
The shadow imp disappears in a puff of smoke!
The shadow imp shouts, "Tremble, thou unctious rude-growing guttersnipe!"
The shadow imp closely misses you. Natasha casts a spell at you.
You feel yourself slow down. The crimson imp spits at you.
The shadow imp hits you but does no damage.
Natasha barely misses you.
You barely miss Natasha. Your kick misses Natasha.
Natasha is almost dead.
The shadow imp barely misses you. Natasha casts a spell at you.
The magic dart hits you!
* * * LOW HITPOINT WARNING * * *
The crimson imp hits you.
You die...

######## .#
#####......#######.#
#..........#.....#.#
#####.[.>..##......#
#.....####)##......#
#.###.####.##......#
#........#.##..5h..#
#####.##.#.#####@#
......##.#.....5.#
########.#########
....# #.#
###.####+######## #
#.##..........# #
#............[#
###..#...<......#
................#


You could see Natasha, a crimson imp and a shadow imp.

Vanquished Creatures
  4 adders
  3 gnolls (D:2)
  2 oozes
  A worm (D:3)
  3 dart slugs (D:1)
  2 leopard geckos
  4 orcs (D:3)
  8 bats
  2 giant cockroaches
  5 goblins
  6 hobgoblins
  4 frilled lizards
  5 kobolds
  7 rats
56 creatures vanquished.

Notes
Turn   | Place    | Note
-------+----------+-------------------------------------------
     0 | D:1      | KristoblXynda the Centaur Gladiator began the quest for the Orb.
     0 | D:1      | Reached XP level 1. HP: 17/17 MP: 1/1
    61 | D:1      | Reached skill level 3 in Polearms
    73 | D:1      | Reached XP level 2. HP: 24/24 MP: 2/2
   523 | D:1      | Reached XP level 3. HP: 28/29 MP: 1/3
  1320 | D:2      | Reached skill level 4 in Polearms
  1320 | D:2      | Reached XP level 4. HP: 21/36 MP: 4/4
  2382 | D:3      | Noticed Natasha
  2397 | D:3      | Reached XP level 5. HP: 15/41 MP: 0/5
  2405 | D:3      | Slain by a crimson imp

Vault maps used:
D:1:      zelgadis_glass_arrival_small, minmay_crystal_room
D:2:      first_bread
D:3:      uniq_natasha

Skill      XL: |  1  2  3  4 |
---------------+-------------+-----
Polearms       | 3 4 |  4.5
Dodging        | 3 |  3.0
Fighting       | |  2.0
Throwing       | |  2.1
Armour         | |  0.1

Action                   |  1- 3 |  4- 6 || total
-------------------------+-------+-------++-------
Melee: Trident           |     4 |       ||     4
       Kick              |    15 |    13 ||    28
       Spear             |    76 |    78 ||   154
  Use: Potion            |       |     4 ||     4
  Eat: Royal jelly       |     1 |       ||     1
       Chunk             |       |     1 ||     1
Armor: Leather armour    |    11 |       ||    11
       Robe              |    17 |    10 ||    27
Dodge: Dodged            |    55 |    60 ||   115

Table legend:
 A = Spawn XP
 B = Non-spawn XP
 C = Spawn XP percentage of total XP
 D = Spawn monster count
 E = Non-spawn monster count
 F = Spawn count percentage of total count
 G = Total turns spent on level
                    A         B        C        D         E        F      G
               +---------+---------+-------+---------+---------+-------+---------
         Total |       0 |     201 |   0.0 |       0 |      56 |   0.0 |  2405
               +---------+---------+-------+---------+---------+-------+---------
           D:1 |       0 |      47 |   0.0 |       0 |      22 |   0.0 |   777
           D:2 |       0 |     107 |   0.0 |       0 |      22 |   0.0 |  1351
           D:3 |       0 |      47 |   0.0 |       0 |      12 |   0.0 |   277
               +---------+---------+-------+---------+---------+-------+---------
